 Dungeon Crawl Stone Soup version 0.27-a0-1308-gc08437e49b (webtiles) character file.

Game seed: 4748652787225867440

5971 mordus the Cleaver (level 10, -1/74 HPs)
             Began as a Minotaur Gladiator on June 18, 2021.
             Was a Priest of Uskayaw.
             Slain by a freezing wraith (3 damage)
             ... on level 9 of the Dungeon.
             The game lasted 00:14:53 (7482 turns).

mordus the Cleaver (Minotaur Gladiator)             Turns: 7482, Time: 00:14:53

Health: -1/74      AC:  7    Str: 28    XL:     10   Next: 55%
Magic:  2/9        EV: 12    Int:  5    God:    Uskayaw [***...]
Gold:   544        SH:  8    Dex: 12    Spells: 9/9 levels left

rFire    + + .     SeeInvis .   a - +1 war axe (elec)
rCold    + . .     Faith    .   C - +3 warlock's mirror {reflect}
rNeg     . . .     Spirit   .   G - +1 leather armour {rPois}
rPois    +         Reflect  +   c - +1 hat
rElec    .         Harm     .   t - scarf {rC+ rF+}
rCorr    .         Rampage  .   (no gloves)
Will     .....                  D - +0 pair of boots
Stlth    +.........             y - amulet of regeneration
HPRegen  1.22/turn              r - +6 ring of strength
MPRegen  0.11/turn              B - ring of protection from fire

@: slowed, very slow
A: horns 2, retaliatory headbutt
a: Renounce Religion, Stomp, Line Pass


You were on level 9 of the Dungeon.
You worshipped Uskayaw.
Uskayaw was noncommittal.
You visited 2 branches of the dungeon, and saw 10 of its levels.
You also visited: Ossuary.

You collected 558 gold pieces.
You spent 14 gold pieces at shops.

Inventory:

Hand Weapons
 a - a +1 war axe of electrocution (weapon)
Missiles
 d - 3 throwing nets (quivered)
 k - 4 curare-tipped darts
 p - 44 poisoned darts
Armour
 b - a +0 leather armour
 c - a +1 hat (worn)
 f - a +0 plate armour
 t - a scarf of resistance (worn)
 C - the +3 warlock's mirror (worn) {reflect}
   (You found it on level 5 of the Dungeon)
 D - a +0 pair of boots (worn)
 G - a +1 leather armour of poison resistance (worn)
Jewellery
 j - a ring of fire
 r - a +6 ring of strength (left hand)
 y - an amulet of regeneration (around neck)
 B - a ring of protection from fire (right hand)
 F - the ring of Neola {Ice Slay+2}
   (You found it on level 6 of the Dungeon)

   [ring of ice]

   It enhances your ice magic.
   It affects your accuracy and damage with ranged weapons and melee attacks
   (+2).
   It makes you vulnerable to fire.
   It protects you from cold.
 H - an amulet of the acrobat
 M - a ring of fire
Wands
 u - a wand of iceblast (5)
Scrolls
 h - 5 scrolls of amnesia
 i - a scroll of enchant armour
 m - a scroll of teleportation
 n - 2 scrolls of vulnerability
 q - 2 scrolls of enchant weapon
 v - a scroll of blinking
 E - 2 scrolls of immolation
 I - a scroll of identify
 J - 3 scrolls of fog
 K - a scroll of summoning {unknown}
Potions
 e - 6 potions of curing
 g - 4 potions of mutation
 l - 4 potions of brilliance
 o - a potion of resistance
 s - 3 potions of heal wounds
 w - a potion of invisibility
 x - 6 potions of haste
 z - 2 potions of flight
 A - a potion of magic
 L - a potion of lignification {unknown}


   Skills:
 - Level 2.4 Fighting
 * Level 14.8 Axes
 - Level 2.0 Throwing
 + Level 10.5 Armour
 - Level 3.2 Dodging
 - Level 4.0 Shields


You had 9 spell levels left.
You didn't know any spells.
Your spell library contained the following spells:

 Spells                   Type           Power      Damage    Failure   Level
 Beastly Appendage        Tmut           0%         N/A       50%         1
 Freeze                   Ice            0%         1d3       50%         1
 Wereblood                Tmut           0%         N/A       65%         2
 Frozen Ramparts          Ice            0%         1d2       86%         3
 Ozocubu's Armour         Ice            0%         N/A       86%         3
 Spider Form              Tmut/Pois      0%         N/A       86%         3
 Hailstorm                Conj/Ice       0%         3d3       99%         4
 Ice Form                 Ice/Tmut       0%         N/A       99%         4
 Metabolic Englaciation   Hex/Ice        0%         N/A       100%        5


Dungeon Overview and Level Annotations

Branches:
Dungeon (9/15)             Temple (1/1) D:4         Ossuary (visited)
   Lair: D:8-11         Orc: D:9-12

Altars:
Ashenzari
Cheibriados
Dithmenos
Elyvilon
Fedhas
Gozag
Hepliaklqana
Kikubaaqudgha
Makhleb
Nemelex Xobeh
Okawaru
Qazlal
Ru
Sif Muna
Trog
Uskayaw
Vehumet
Wu Jian
Xom
Yredelemnul
Zin
The Shining One

Shops:
D:1 [!


Innate Abilities, Weirdness & Mutations

You have a pair of horns on your head.
You reflexively headbutt those who attack you in melee.


Message History

The white imp is no longer paralysed.
You hit the white imp but do no damage.
Lightning courses through the white imp!
You kill the white imp!
Aiming: Line Pass
Press: ? - help, Dir - move target The freezing wraith appears confused.
The freezing wraith barely misses you. The freezing wraith hits you.
The freezing wraith drains your vigour!
You feel yourself slow down.
You barely miss the freezing wraith.
The freezing wraith seems less confused.
The freezing wraith hits you. The freezing wraith freezes you. You resist.
The freezing wraith hits you but does no damage.
You hit the freezing wraith but do no damage.
The freezing wraith hits you but does no damage.
The freezing wraith completely misses you.
You slash the freezing wraith!
Your headbutt misses the freezing wraith.
The freezing wraith is moderately damaged.
The freezing wraith barely misses you. The freezing wraith misses you.
Uskayaw will force your foes to helplessly watch your dance.
Aiming: Line Pass
Press: ? - help, Dir - move target The freezing wraith appears confused.
The freezing wraith seems less confused.
The freezing wraith hits you! The freezing wraith freezes you. You resist.
The freezing wraith barely misses you.
The freezing wraith completely misses you.
The freezing wraith hits you but does no damage.
You slash the freezing wraith! You headbutt the freezing wraith.
The freezing wraith is severely damaged.
The freezing wraith hits you! The freezing wraith freezes you! You resist.
* * * LOW HITPOINT WARNING * * *
The freezing wraith hits you!
* * * LOW HITPOINT WARNING * * *
The freezing wraith drains your vigour!
You feel as though you will be slow longer.
Uskayaw will force your foes to helplessly watch your dance.
The freezing wraith hits you.
You die...

###### ####.... ###
####...... ...#
......... .....
###........#≈≈#...
#≈.. #..#)≈# ≈..#
##(.# #..≈####≈..#
#≈...##.W≈##≈≈#..##(
###.....@#≈≈#.......
#≈..................
#######..........##
#### ####''''####
#... #.....# ###.
#.....# #. #####.#
## #.# #.#


You could see a freezing wraith.

Vanquished Creatures
  Pikel (D:8)
  Joseph (D:8)
  A kobold demonologist (D:8)
  An ice devil (D:9)
  A troll (D:7)
  Prince Ribbit (D:8)
  Eustachio (D:6)
  5 yaks (D:9)
  3 water moccasins
  A sky beast (D:8)
  A centaur (D:7)
  A necrophage (D:6)
  2 ogres
  A lemure (D:8)
  A bullfrog (D:8)
  12 kobold brigands (D:8)
  5 water moccasin zombies
  6 scorpions
  A wyvern skeleton (D:5)
  A water moccasin skeleton (D:5)
  5 wights (D:8)
  A howler monkey (D:4)
  A centaur zombie (D:8)
  A jelly (D:6)
  A bullfrog skeleton (D:4)
  An orc priest (D:8)
  6 hounds
  2 centaur skeletons
  3 iguanas (D:6)
  3 orc wizards
  2 hound skeletons (D:5)
  2 mummies (Ossuary)
  9 adders
  A shadow imp (D:5)
  7 white imps
  3 ufetubi
  6 adder zombies (Ossuary)
  2 adder skeletons (D:4)
  4 dart slugs
  28 orcs
  11 ball pythons
  12 endoplasms
  2 giant cockroaches
  5 gnoll zombies (Ossuary)
  4 goblins
  10 hobgoblins
  10 jackals
  13 kobolds
  2 quokkas (D:4)
  4 bats
  2 frilled lizards
  3 hobgoblin zombies (Ossuary)
  3 kobold zombies (Ossuary)
  4 orc zombies (Ossuary)
  7 rats
227 creatures vanquished.

Notes
Turn   | Place    | Note
-------+----------+-------------------------------------------
     0 | D:1      | mordus the Minotaur Gladiator began the quest for the Orb.
     0 | D:1      | Reached XP level 1. HP: 18/18 MP: 0/0
   153 | D:1      | Reached skill level 4 in Axes
   156 | D:1      | Reached skill level 1 in Armour
   158 | D:1      | Reached XP level 2. HP: 10/25 MP: 1/1
   472 | D:1      | Found Imaim's Distillery.
   481 | D:1      | Bought a potion of degeneration for 14 gold pieces
   613 | D:1      | Found Xawec's Antique Armour Boutique.
   928 | D:2      | Reached XP level 3. HP: 30/30 MP: 2/2
  1172 | D:2      | Reached skill level 5 in Axes
  1639 | D:2      | Reached XP level 4. HP: 37/37 MP: 3/3
  2509 | D:4      | Reached skill level 6 in Axes
  2509 | D:4      | Reached XP level 5. HP: 36/42 MP: 4/4
  2812 | D:4      | Reached skill level 7 in Axes
  2858 | D:4      | Reached XP level 6. HP: 50/50 MP: 5/5
  3349 | D:4      | Found a staircase to the Ecumenical Temple.
  3619 | D:4      | Found an ancient bone altar of Kikubaaqudgha.
  3695 | D:5      | Entered Level 5 of the Dungeon
  3761 | Temple   | Entered the Ecumenical Temple
  3878 | Temple   | Became a worshipper of Uskayaw the Reveller
  4062 | D:5      | Reached * piety under Uskayaw
  4112 | D:5      | Reached ** piety under Uskayaw
  4114 | D:5      | Reached skill level 8 in Axes
  4119 | D:5      | Reached *** piety under Uskayaw
  4245 | D:5      | Reached XP level 7. HP: 42/56 MP: 6/6
  4484 | D:5      | Reached skill level 5 in Armour
  4712 | D:5      | Reached **** piety under Uskayaw
  4713 | D:5      | Reached skill level 9 in Axes
  4782 | D:5      | Found the +3 warlock's mirror {reflect}
  5150 | D:6      | Identified the ring of Neola {Ice Slay+2}
  5172 | D:6      | Reached skill level 1 in Shields
  5329 | D:6      | Noticed Eustachio
  5339 | D:6      | Killed Eustachio
  5340 | D:6      | Reached XP level 8. HP: 45/62 MP: 7/7
  5368 | D:6      | Reached skill level 10 in Axes
  5734 | D:7      | Reached skill level 11 in Axes
  5887 | D:7      | Reached XP level 9. HP: 63/68 MP: 8/8
  5922 | D:7      | Found a sacrificial altar of Ru.
  6012 | D:7      | Found a shadowy altar of Dithmenos.
  6012 | D:7      | Noticed a troll
  6017 | D:7      | Killed a troll
  6182 | D:7      | Found a sand-covered staircase.
  6268 | Ossuary  | Entered an ossuary
  6345 | Ossuary  | Reached skill level 12 in Axes
  6639 | D:8      | Noticed Pikel
  6647 | D:8      | Killed Pikel
  6741 | D:8      | Reached skill level 13 in Axes
  6745 | D:8      | Reached ***** piety under Uskayaw
  6760 | D:8      | Found a glowing silver altar of Zin.
  6790 | D:8      | Reached ****** piety under Uskayaw
  6798 | D:8      | Reached XP level 10. HP: 53/74 MP: 9/9
  6912 | D:8      | Noticed Joseph
  6920 | D:8      | Killed Joseph
  6921 | D:8      | Reached skill level 14 in Axes
  6921 | D:8      | Reached skill level 10 in Armour
  7057 | D:8      | Noticed Prince Ribbit
  7069 | D:8      | Killed Prince Ribbit
  7456 | D:9      | Found the +8 frozen axe "Frostbite" {freezing cloud, *Noise
                  | Fly rC+}
  7481 | D:9      | HP: 1/74 [freezing wraith (12)]
  7482 | D:9      | Slain by a freezing wraith

Illustrated notes

Levels and vault maps discovered:
D:1:      evilmike_arrival_hilbert_curve, layout_rooms, serial_shops, shop, shop
D:2:      layout_rooms
D:3:      layout_basic
D:4:      layout_basic, marbit_many_paths, minmay_temple_entry_offerings,
          glass_columns_a, minmay_snake_closets
D:5:      minmay_octagon_keep, layout_loops_ring
D:6:      layout_rooms, corner_web_ring, nicolae_benzene_ring, st_stairs_10,
          uniq_eustachio
D:7:      layout_rooms, lemuel_tele_altar, nicolae_ru_path_of_blood,
          enter_ossuary_3
D:8:      layout_rooms, zin_academy, serial_rivers,
          chequers_serial_rivers_micro_c, chequers_serial_rivers_room_b,
          chequers_serial_rivers_micro_e, chequers_serial_rivers_small_a,
          special_room [special_room_kobold], uniq_pikel, uniq_joseph,
          uniq_prince_ribbit1
D:9:      layout_roguey, hellmonk_guarded_unrand_frostbite
Temple:   dpeg_five_rooms_temple

Skill      XL: |  1  2  3  4  5  6  7  8  9 10 |
---------------+-------------------------------+-----
Axes           | 4 5 6 7 8 9 11 13 14 | 14.8
Armour         | 1 2 3 4 6 7 9 10 | 10.5
Shields        | 1 4 |  4.0
Fighting       | |  2.4
Throwing       | |  2.0
Dodging        | |  3.2

Action                   |  1- 3 |  4- 6 |  7- 9 | 10-12 || total
-------------------------+-------+-------+-------+-------++-------
Melee: War axe           |    74 |   115 |   261 |    58 ||   508
       Headbutt          |    12 |    19 |    61 |     9 ||   101
Invok: Line Pass         |       |       |       |     2 ||     2
       Grand Finale      |       |       |       |     1 ||     1
  Use: Potion            |     1 |       |       |       ||     1
       Scroll            |       |       |    21 |       ||    21
 Stab: Paralysed         |       |     1 |    14 |     4 ||    19
Armor: Leather armour    |    16 |    29 |    51 |    10 ||   106
Dodge: Dodged            |    52 |    83 |    98 |    25 ||   258
Block: Buckler           |       |       |    78 |    16 ||    94
       Reflection        |       |       |     4 |     4 ||     8

Table legend: (Time is in decaauts)
 A = Elapsed time spent in this place.
 B = Non-inter-level travel time spent in this place.
 C = Inter-level travel time spent in this place.
 D = Time resting spent in this place.
 E = Time spent auto-exploring this place.
 F = Levels seen in this place.
 G = Mean time per level.
                   A        B        C        D        E       F      G
               +--------+--------+--------+--------+--------+-----+--------+
         Total |   7499 |   7184 |    315 |    599 |   5215 |  11 |  681.7 |
       Dungeon |   7130 |   6847 |    283 |    599 |   5046 |   9 |  792.2 |
        Temple |    213 |    182 |     31 |      0 |    168 |   1 |  213.0 |
       Ossuary |    155 |    155 |      0 |      0 |      1 |   1 |  155.0 |
               +--------+--------+--------+--------+--------+-----+--------+

Top non-repeatable levels by time:
     D:4: 1318 daAuts
     D:5: 1023 daAuts
     D:2: 920 daAuts
     D:3: 833 daAuts
     D:1: 768 daAuts
     D:7: 749 daAuts
     D:6: 690 daAuts
     D:8: 672 daAuts
  Temple: 213 daAuts
 Ossuary: 155 daAuts
     D:9: 154 daAuts
